 Dungeon Crawl Stone Soup version 0.21-a0-401-g0b6bec4 (webtiles) character file.

3110 Klosterheim the Thaumaturge (level 9, 0/45 HPs)
             Began as a Deep Elf Enchanter on Oct 25, 2017.
             Was an Initiate of Sif Muna.
             Slain by an orc wizard
             ... wielding a +0 dagger of electrocution
              (4 damage)
             ... on level 7 of the Dungeon.
             The game lasted 00:28:25 (10121 turns).

Klosterheim the Thaumaturge (Deep Elf Enchanter)   Turns: 10121, Time: 00:28:26

Health: 0/45       AC:  3    Str:  5    XL:     9   Next: 60%
Magic:  25/25      EV: 18    Int: 27    God:    Sif Muna [......]
Gold:   300        SH:  0    Dex: 15    Spells: 19/29 levels left

rFire    . . .     SeeInvis .   f - +2 dagger (drain)
rCold    . . .     Gourm    .   (no shield)
rNeg     . . .     Faith    .   b - +0 robe
rPois    .         Spirit   .   (no helmet)
rElec    .         Reflect  .   (no cloak)
rCorr    .         Harm     .   (no gloves)
MR       .....                  o - +0 pair of boots
Stlth    ++++......             (no amulet)
HPRegen  0.15/turn              k - +3 ring of intelligence
MPRegen  0.19/turn              q - +5 ring of evasion

@: invisible
A: no striking features
a: Renounce Religion


You were on level 7 of the Dungeon.
You worshipped Sif Muna.
Sif Muna was noncommittal.
You were not hungry.

You visited 2 branches of the dungeon, and saw 8 of its levels.

You collected 388 gold pieces.
You spent 88 gold pieces at shops.

Inventory:

Hand Weapons
 f - a +2 dagger of draining (weapon)
Armour
 b - a +0 robe (worn)
 o - a +0 pair of boots (worn)
Jewellery
 k - a +3 ring of intelligence (left hand)
 q - a +5 ring of evasion (right hand)
Wands
 l - a wand of lightning (8/15)
Scrolls
 h - a scroll of enchant weapon
 p - 4 scrolls of magic mapping
 r - 2 scrolls of remove curse
 t - a scroll of fog
 u - a scroll of teleportation
 y - a scroll of identify
Potions
 a - a potion of curing
 i - 2 potions of haste
 n - a potion of berserk rage
 s - 2 potions of heal wounds
 v - a potion of brilliance {unknown}
 w - a potion of agility {unknown}
Books
 c - a book of Maledictions

   Spells                             Type                      Level
   a - Corona                         Hexes                        1
   b - Ensorcelled Hibernation        Hexes/Ice                    2
   c - Confuse                        Hexes                        3
   d - Tukima's Dance                 Hexes                        3
   e - Dazzling Spray                 Conjuration/Hexes            3
 e - a book of Minor Magic

   Spells                             Type                      Level
   a - Magic Dart                     Conjuration                  1
   b - Blink                          Translocation                2
   c - Call Imp                       Summoning                    2
   d - Slow                           Hexes                        2
   e - Conjure Flame                  Conjuration/Fire             3
   f - Mephitic Cloud                 Conjuration/Poison/Air       3
Comestibles
 d - 4 bread rations
 j - 3 meat rations
 m - 2 royal jellies
 x - 6 chunks of flesh


   Skills:
 - Level 3.0 Short Blades
 - Level 2.4 Dodging
 + Level 10.2 Stealth
 + Level 10.9 Spellcasting
 + Level 10.2 Hexes


You had 19 spell levels left.
You knew the following spells:

 Your Spells              Type           Power        Failure   Level  Hunger
a - Confuse               Hex            ######..     1%          3    None
b - Ensorcelled Hibernat  Hex/Ice        #####.       1%          2    None
c - Blink                 Tloc           N/A          6%          2    None
d - Conjure Flame         Conj/Fire      ##......     12%         3    None


Dungeon Overview and Level Annotations

Branches:
Dungeon (7/15)             Temple (1/1) D:7

Altars:
Cheibriados
Dithmenos
Gozag
Kikubaaqudgha
Makhleb
Nemelex Xobeh
Okawaru
Qazlal
Ru
Sif Muna
Trog
Vehumet
Wu Jian
Yredelemnul
Zin

Shops:
D:4 *   D:7 !

Annotations:
D:5 1 runed door


Message History

Something hits you but does no damage. Something closely misses you.
You hear some strange, mumbled words.
A magic dart appears from out of thin air!
The magic dart hits you!
You hear some strange, mumbled words.
A puff of frost appears from out of thin air!
The puff of frost misses you.
You see here a hand crossbow.
You hear some strange, mumbled words.
A puff of frost appears from out of thin air!
The puff of frost hits you!
* * * LOW HITPOINT WARNING * * *
Something hits you.
* * * LOW HITPOINT WARNING * * *
You fade into invisibility!
Something hits you.
* * * LOW HITPOINT WARNING * * *
Something hits you.
You die...

###.####........# ##### .#.#
.o..............# #...# ..#
..##.....+####### #...# ###
..+..._...# #...# ..#......##
#...# ..##.....# #...# ###
######.#.# #...# ..#
.........##############...###.#
..........o).o.{@...........#.#
#######.#......J..###.....#...#
# #.#.........# #...####..#.#
#.#.........###...# #..#.#
#.#.....>...'.....# ##....
#.#.........##....# #.###
#.#.........##....# #..#
#.........##....# #..##
#.........##.#### #...#


You could see an orc priest, an ooze and an orc.

Vanquished Creatures
  A centaur zombie (D:7)
  Eustachio (D:4)
  Edmund (D:4)
  Menkaure (D:4)
  A sky beast (D:6)
  An orc warrior (D:4)
  6 ogres
  2 phantoms
  A centaur (D:5)
  4 killer bees
  5 wights (D:6)
  A howler monkey (D:4)
  3 crimson imps
  A hound (D:5)
  5 orc priests
  2 bullfrog skeletons
  A jelly (D:6)
  An iguana (D:5)
  5 orc wizards
  11 worker ants
  A killer bee zombie (D:7)
  A hound zombie (D:5)
  4 gnolls (D:4)
  8 adders
  An ooze (D:1)
  2 worms
  3 dart slugs
  6 leopard geckos
  35 orcs
  10 bats
  10 giant cockroaches
  5 hobgoblins
  2 jackals (D:6)
  7 kobolds
  4 quokkas
  3 ball pythons
  6 frilled lizards
  5 goblins
  A jackal skeleton (D:4)
  A leopard gecko zombie (D:4)
  A quokka zombie (D:7)
  10 rats
180 creatures vanquished.

Notes
Turn   | Place    | Note
-------+----------+-------------------------------------------
     0 | D:1      | Klosterheim the Deep Elf Enchanter began the quest for the Orb.
     0 | D:1      | Reached XP level 1. HP: 10/10 MP: 6/6
   359 | D:1      | Reached XP level 2. HP: 11/15 MP: 8/8
   911 | D:1      | Learned a level 2 spell: Ensorcelled Hibernation
  1271 | D:1      | Reached XP level 3. HP: 16/19 MP: 10/10
  1885 | D:2      | Reached skill level 5 in Hexes
  1885 | D:2      | Reached XP level 4. HP: 22/24 MP: 9/12
  1925 | D:2      | Learned a level 3 spell: Confuse
  2536 | D:3      | Reached skill level 5 in Stealth
  2896 | D:3      | Found a faded altar of an unknown god.
  2931 | D:3      | Reached XP level 5. HP: 28/28 MP: 13/13
  2959 | D:3      | Found a stormy altar of Qazlal.
  3413 | D:4      | Noticed an orc warrior
  3462 | D:4      | Killed an orc warrior
  3462 | D:4      | Reached skill level 5 in Spellcasting
  3462 | D:4      | Reached XP level 6. HP: 13/32 MP: 10/15
  4447 | D:4      | Noticed Menkaure
  4741 | D:4      | Reached XP level 7. HP: 25/36 MP: 8/17
  5068 | D:4      | Found Qykh's General Store.
  5093 | D:4      | Found a glowing silver altar of Zin.
  5191 | D:4      | Bought a potion of heal wounds for 55 gold pieces
  5191 | D:4      | Bought a scroll of teleportation for 33 gold pieces
  5357 | D:4      | Noticed Eustachio
  5387 | D:4      | Killed Eustachio
  5623 | D:4      | Noticed Edmund
  5677 | D:4      | Killed Edmund
  5868 | D:4      | Killed Menkaure
  6012 | D:4      | Reached XP level 8. HP: 41/41 MP: 17/20
  6377 | D:5      | Entered Level 5 of the Dungeon
  6476 | D:5      | Found a runed door.
  6485 | D:5      | Found a runed door.
  7108 | D:5      | Learned a level 2 spell: Blink
  7411 | D:5      | Found a sacrificial altar of Ru.
  7846 | D:6      | Found a sacrificial altar of Ru.
  8314 | D:6      | Reached XP level 9. HP: 45/45 MP: 21/24
  8319 | D:6      | Learned a level 3 spell: Conjure Flame
  9200 | D:6      | Reached skill level 10 in Hexes
  9218 | D:6      | Reached skill level 10 in Stealth
  9386 | D:7      | Found a staircase to the Ecumenical Temple.
  9411 | Temple   | Entered the Ecumenical Temple
  9467 | Temple   | Became a worshipper of Sif Muna the Loreminder
  9510 | D:7      | Reached skill level 10 in Spellcasting
  9598 | D:7      | HP: 2/45 [poisoned by a killer bee]
  9606 | D:7      | HP: 2/45 [poisoned by a killer bee]
  9951 | D:7      | Found an ancient bone altar of Kikubaaqudgha.
  9981 | D:7      | Found Jonu Xoul's Distillery.
 10121 | D:7      | Slain by an orc wizard

Vault maps used:
D:1:      lightli_arrival_farm
D:2:      first_bread
D:3:      chequers_ecumenical_altar_simple_redux,
          nicolae_qazlal_eye_of_the_storm
D:4:      nicolae_overflow_hidden_temple, serial_shops,
          nicolae_shop_statue_plus, guppyfry_early_orc_mine, uniq_menkaure,
          uniq_eustachio, uniq_edmund
D:5:      lemuel_insect_pit, old_standard_altar
D:6:      nicolae_ru_great_annihilating_truth
D:7:      temple_statues, serial_shops, nicolae_shop_window_shopping,
          basic_altar
Temple:   eino_narrow_crystal_temple

Skill      XL: |  1  2  3  4  5  6  7  8  9 |
---------------+----------------------------+-----
Stealth        | 4 5 6 7 9 10 | 10.2
Spellcasting   | 4 5 7 9 10 | 10.9
Hexes          | 5 6 7 9 10 | 10.2
Short Blades   | 2 3 |  3.0
Dodging        | |  2.4

Action                   |  1- 3 |  4- 6 |  7- 9 || total
-------------------------+-------+-------+-------++-------
Melee: Dagger            |    78 |   179 |   273 ||   530
 Cast: Corona            |     4 |       |       ||     4
       Ensorcelled Hiber |    15 |    36 |    77 ||   128
       Confuse           |       |    15 |    37 ||    52
  Use: Scroll            |     2 |     7 |     5 ||    14
       Potion            |       |       |     4 ||     4
 Stab: Sleeping          |    14 |    31 |    70 ||   115
       Confused          |       |     5 |    23 ||    28
       Invisible         |       |       |     1 ||     1
       Paralysed         |       |       |     1 ||     1
  Eat: Chunk             |     3 |    10 |    15 ||    28
       Royal jelly       |       |       |     1 ||     1
Armor: Robe              |    25 |    34 |    19 ||    78
Dodge: Dodged            |    80 |   139 |   154 ||   373

Table legend:
 A = Spawn XP
 B = Non-spawn XP
 C = Spawn XP percentage of total XP
 D = Spawn monster count
 E = Non-spawn monster count
 F = Spawn count percentage of total count
 G = Total turns spent on level
                    A         B        C        D         E        F      G
               +---------+---------+-------+---------+---------+-------+---------
         Total |       0 |    4443 |   0.0 |       0 |     180 |   0.0 | 10121
               +---------+---------+-------+---------+---------+-------+---------
           D:1 |       0 |      51 |   0.0 |       0 |      29 |   0.0 |  1812
           D:2 |       0 |      98 |   0.0 |       0 |      18 |   0.0 |   683
           D:3 |       0 |      72 |   0.0 |       0 |      18 |   0.0 |  1146
           D:4 |       0 |    1266 |   0.0 |       0 |      36 |   0.0 |  2736
           D:5 |       0 |     953 |   0.0 |       0 |      26 |   0.0 |  1437
           D:6 |       0 |    1146 |   0.0 |       0 |      40 |   0.0 |  1572
           D:7 |       0 |     857 |   0.0 |       0 |      13 |   0.0 |   662
               +---------+---------+-------+---------+---------+-------+---------
